 Dungeon Crawl Stone Soup version 0.22.1-1-ga44c0e56f4 (webtiles) character file.

51 Knicklaso the Ruffian (level 3, 0/36 HPs)
             Began as an Ogre Transmuter on Sept 30, 2018.
             Succumbed to an adder's poison
             ... on level 2 of the Dungeon.
             The game lasted 00:05:59 (1876 turns).

Knicklaso the Ruffian (Ogre Transmuter)             Turns: 1876, Time: 00:05:59

Health: 0/36       AC:  3    Str: 14    XL:     3   Next: 83%
Magic:  3/6        EV: 10    Int: 14    God:
Gold:   57         SH:  0    Dex: 10    Spells: 0/6 levels left

rFire    . . .     SeeInvis .     - Unarmed
rCold    . . .     Gourm    .   (no shield)
rNeg     . . .     Faith    .   b - +0 robe
rPois    .         Spirit   .   (helmet restricted)
rElec    .         Reflect  .   (no cloak)
rCorr    .         Harm     .   (gloves unavailable)
MR       .....                  (boots unavailable)
Stlth    +.........             (no amulet)
HPRegen  0.12/turn              (no ring)
MPRegen  0.10/turn              (no ring)

@: lethally poisoned (0 -> -1), berserk cooldown, slowed, very slow
A: large, unfitting armour, tough skin 1
a: no special abilities


You were on level 2 of the Dungeon.
You were not hungry.

You visited 1 branch of the dungeon, and saw 2 of its levels.

You collected 57 gold pieces.

Inventory:

Missiles
 a - 10 arrows
 g - 18 stones (quivered)
Armour
 b - a +0 robe (worn)
Scrolls
 c - a scroll of teleportation {unknown}
 f - a scroll of fear {unknown}
 h - a scroll of immolation {unknown}
Comestibles
 d - 2 rations
 i - 2 chunks of flesh


   Skills:
 - Level 2.4 Fighting
 - Level 1.7 Dodging
 + Level 3.5 Unarmed Combat
 - Level 2.4 Spellcasting
 - Level 2.0 Transmutations
 - Level 1.1 Poison Magic


You couldn't memorise any spells.
You knew the following spells:

 Your Spells              Type           Power        Failure   Level  Hunger
a - Beastly Appendage     Tmut           #.....       10%         1    #......
b - Sticks to Snakes      Tmut           #.......     16%         2    ###....
c - Spider Form           Tmut/Pois      #.........   36%         3    ###....

Your spell library contained the following spells:

 Spells                   Type           Power        Failure   Level  Hunger
 Ice Form                 Ice/Tmut       #.......     83%         4    #####..
 Blade Hands              Tmut           #.........   95%         5    ######.


Dungeon Overview and Level Annotations

Branches:
Dungeon (2/15)

Altars:


Innate Abilities, Weirdness & Mutations

You are too large for most types of armour.
You have tough skin. (AC +1)


Message History

* * * LOW HITPOINT WARNING * * *
You feel sick.
Your magical contamination has completely faded away.
There is a lethal amount of poison in your body!
* * * LOW HITPOINT WARNING * * *
You feel sick.
You swap places.
You see here an adder skeleton.
* * * LOW HITPOINT WARNING * * *
You feel sick.
* * * LOW HITPOINT WARNING * * *
You feel sick.
* * * LOW HITPOINT WARNING * * *
You feel sick.
You see here a stone.
You open the door.
* * * LOW HITPOINT WARNING * * *
You feel sick.
There is an open door here.
You die...

.. .# .. .# #.###.#
.....#
########.....#
#......##....#
#....(.S.....#
#......##@...#
#.....(##....#
#......##....#'###
#......##..........
######.#####......#
#.# #......#
#.#####......
#.รท...#.(....
###########........


You could see a friendly ball python.

Vanquished Creatures
  An adder (D:2)
  An ooze (D:1)
  A leopard gecko (D:1)
  4 bats (D:1)
  2 giant cockroaches
  3 goblins
  6 hobgoblins
  2 frilled lizards (D:1)
  4 kobolds
  7 rats (D:1)
31 creatures vanquished.

Vanquished Creatures (collateral kills)
  An adder (D:2)
1 creature vanquished.

Grand Total: 32 creatures vanquished

Notes
Turn   | Place    | Note
-------+----------+-------------------------------------------
     0 | D:1      | Knicklaso the Ogre Transmuter began the quest for the Orb.
     0 | D:1      | Reached XP level 1. HP: 19/19 MP: 3/3
   514 | D:1      | Reached skill level 3 in Unarmed Combat
   514 | D:1      | Reached XP level 2. HP: 16/28 MP: 5/5
  1030 | D:1      | Reached XP level 3. HP: 35/36 MP: 6/6
  1038 | D:1      | Learned a level 2 spell: Sticks to Snakes
  1042 | D:1      | Learned a level 3 spell: Spider Form
  1854 | D:2      | Reached skill level 1 in Poison Magic
  1870 | D:2      | HP: 1/36 [poisoned by an adder]
  1876 | D:2      | Succumbed to an adder's poison

Skill      XL: |  1  2  3 |
---------------+----------+-----
Fighting       | 2 |  2.4
Unarmed Combat | 3 |  3.5
Transmutations | 2 |  2.0
Poison Magic   | 1 |  1.1
Dodging        | |  1.7
Spellcasting   | |  2.4

Action                   || total
-------------------------++-------
Melee: Unarmed           ||   119
       Punch             ||     1
       Headbutt          ||     2
Throw: Stone             ||     3
 Cast: Sticks to Snakes  ||     2
       Beastly Appendage ||     2
  Use: Potion            ||     1
 Stab: Sleeping          ||     1
  Eat: Chunk             ||     3
Armor: Robe              ||    20
Dodge: Dodged            ||    52
